Map: Port Aleksander LE

Players

TLO

  • Race: Zerg Zerg
  • Spawn Location: 5:00

SKillous - Winner!

  • Race: Protoss Protoss
  • Spawn Location: 11:00

Event: 2019 WCS Spring

VOD

Have the link to the VOD?

Description

Time

  • Played on: May 18, 2019, 6:31 a.m.
  • Length: 15:56

All games in this series

Show
View Real Time Build Order
Export as new Build Order

TLO Zerg 

Build Orders: Hatch First, Lurkers, Roach Hydra 

Get SALT Encoding   

  12  0:00  Drone  
  13  0:12  Overlord  
  13  0:18  Drone  
  14  0:31  Drone x2  
  16  0:38  Drone  
  17  0:50  Drone  
  18  0:57  Hatchery  
  18  1:00  Drone  
  18  1:08  Extractor  
  17  1:15  Spawning Pool  
  16  1:19  Drone  
  16  1:22  Drone  
  18  1:30  Drone  
  19  1:43  Drone  
  20  1:49  Overlord  
  20  2:02  Queen  
  20  2:07  Zergling x2  
  23  2:09  Queen  
  23  2:10  Metabolic Boost, Zergling x2  
  23  2:14  Drone  
  27  2:20  Drone  
  28  2:23  Drone  
  29  2:32  Drone  
  29  2:34  Drone  
  31  2:43  Hatchery  
  30  2:45  Zergling x2  
  31  2:55  Extractor  
  29  3:01  Spore Crawler, Zergling x4  
  29  3:02  Spore Crawler, Drone  
  29  3:05  Drone x2  
  33  3:11  Drone  
  33  3:12  Overlord  
  35  3:20  Drone  
  35  3:29  Queen  
  35  3:31  Drone  
  35  3:32  Drone x2  
  40  3:35  Drone  
  40  3:37  Drone  
  42  3:42  Overlord  
  42  3:43  Evolution Chamber, Drone x2  
  42  3:50  Drone  
  42  3:53  Drone  
  42  3:55  Drone  
  45  3:59  Spore Crawler  
  45  4:01  Spore Crawler  
  43  4:03  Drone x3  
  43  4:06  Drone  
  43  4:08  Drone  
  43  4:09  Drone  
  48  4:15  Drone  
  47  4:18  Spore Crawler, Drone x2  
  47  4:25  Drone  
  47  4:27  Zerg Melee Weapons Level 1  
  47  4:29  Zergling x2  
  47  4:31  Baneling Nest  
  48  4:33  Overlord  
  48  4:34  Drone  
  48  4:36  Drone  
  48  4:37  Drone  
  50  4:39  Overlord  
  50  4:41  Overlord  
  50  4:45  Overlord  
  50  4:48  Overlord  
  50  4:51  Overlord  
  50  4:53  Zergling x2  
  50  4:55  Zergling x2  
  50  4:56  Zergling x2  
  50  4:57  Drone  
  54  5:01  Queen  
  54  5:05  Drone x3  
  54  5:07  Drone  
  60  5:09  Drone  
  61  5:16  Drone x2  
  61  5:17  Extractor  
  61  5:18  Roach Warren, Zergling x2  
  61  5:19  Zergling x2  
  61  5:20  Zergling x2  
  63  5:21  Zergling x2  
  63  5:22  Zergling x2  
  63  5:24  Zergling x2  
  63  5:26  Zergling x2  
  63  5:27  Zergling x2  
  66  5:30  Zergling x4  
  66  5:33  Zergling x2  
  69  5:35  Lair  
  69  5:37  Drone  
  69  5:39  Drone  
  69  5:42  Drone  
  72  5:43  Drone  
  72  5:44  Drone  
  72  5:45  Drone  
  72  5:46  Zergling x4  
  72  5:47  Zergling x2  
  78  5:50  Zergling x2  
  78  5:51  Overlord  
  78  5:54  Overlord  
  79  5:58  Extractor  
  79  6:00  Zergling x2  
  76  6:07  Zergling x4  
  76  6:08  Roach x4  
  76  6:10  Roach  
  85  6:11  Roach  
  85  6:12  Roach  
  85  6:13  Roach  
  85  6:14  Roach  
  85  6:18  Baneling x3  
  93  6:19  Roach  
  93  6:30  Roach  
  88  6:34  Roach  
  88  6:35  Roach x2  
  88  6:36  Drone x2  
  88  6:37  Drone  
  92  6:42  Queen x2  
  92  6:43  Queen  
  92  6:45  Extractor, Drone  
  92  6:46  Extractor, Drone  
  96  6:47  Drone  
  96  6:50  Zergling x2, Spine Crawler  
  96  6:51  Zergling x2  
  96  6:52  Zergling x2  
  96  6:53  Zergling x2  
  100  6:57  Glial Reconstitution  
  100  6:59  Drone  
  100  7:00  Drone  
  102  7:02  Roach  
  103  7:10  Drone x2  
  103  7:12  Zerg Melee Weapons Level 2  
  104  7:18  Drone x2  
  104  7:21  Extractor  
  104  7:22  Drone  
  106  7:25  Drone  
  106  7:26  Hydralisk Den  
  103  7:37  Centrifical Hooks  
  103  7:39  Drone  
  103  7:40  Drone x2  
  105  7:46  Drone x2  
  105  7:50  Overlord  
  107  7:55  Muscular Augments, Overlord x3  
  107  7:59  Hydralisk x2, Hatchery  
  107  8:04  Overlord  
  110  8:09  Hydralisk x2, Overlord  
  114  8:14  Hydralisk  
  114  8:16  Hydralisk  
  114  8:18  Hydralisk  
  118  8:20  Hydralisk  
  118  8:22  Hydralisk  
  118  8:26  Hydralisk x2  
  124  8:28  Baneling x2  
  124  8:31  Baneling x3  
  124  8:32  Hydralisk  
  128  8:35  Hydralisk  
  128  8:38  Hydralisk  
  132  8:43  Hydralisk x2  
  132  8:44  Hydralisk  
  132  8:47  Hydralisk  
  134  8:49  Zergling x2  
  134  8:51  Baneling x2  
  135  8:56  Hydralisk x2  
  135  8:59  Hydralisk  
  135  9:01  Zergling x8  
  135  9:02  Zergling x2  
  144  9:04  Zergling x4  
  144  9:08  Zergling x4  
  144  9:09  Zergling x2  
  136  9:13  Zergling x2  
  136  9:16  Hydralisk x2  
  128  9:19  Zergling x2  
  128  9:22  Zergling x2  
  128  9:23  Zergling x2  
  105  9:24  Hydralisk  
  105  9:27  Hydralisk  
  105  9:28  Hydralisk  
  105  9:30  Drone  
  86  9:34  Hydralisk  
  86  9:35  Drone  
  86  9:37  Drone  
  86  9:40  Drone x2  
  86  9:43  Drone  
  89  9:45  Grooved Spines  
  89  9:48  Drone  
  89  9:49  Drone  
  89  9:51  Drone  
  92  9:55  Drone  
  92  9:56  Drone x2  
  95  10:00  Zerg Missile Weapons Level 1  
  95  10:01  Drone  
  95  10:05  Drone  
  95  10:06  Zergling x2  
  98  10:09  Baneling x5  
  98  10:10  Baneling x5  
  98  10:11  Baneling x2  
  98  10:12  Baneling x2  
  98  10:13  Baneling  
  98  10:16  Drone x2  
  98  10:18  Hydralisk  
  98  10:20  Hydralisk  
  104  10:23  Hydralisk  
  104  10:27  Zergling x6  
  109  10:30  Hydralisk  
  111  10:36  Hydralisk  
  111  10:38  Zergling x4  
  111  10:41  Baneling x2, Queen  
  117  10:47  Zergling x2  
  117  10:48  Zergling x4  
  117  10:49  Baneling x4  
  120  10:56  Hydralisk x2  
  123  10:57  Hydralisk  
  123  11:00  Hydralisk x2  
  123  11:01  Hydralisk  
  125  11:07  Baneling x7  
  124  11:12  Hydralisk  
  120  11:20  Hydralisk  
  120  11:23  Hydralisk  
  120  11:24  Hydralisk  
  119  11:27  Hydralisk  
  119  11:30  Drone x2  
  119  11:32  Zergling x2  
  124  11:35  Queen  
  126  11:40  Zergling x2  
  126  11:41  Zergling x2  
  126  11:42  Zergling x2  
  126  11:44  Zergling x2  
  126  11:46  Queen  
  132  11:49  Zergling x2  
  132  11:52  Queen  
  134  11:57  Zergling x4  
  134  11:59  Zergling x2  
  119  12:04  Hydralisk x2  
  119  12:06  Zergling x2  
  124  12:08  Baneling  
  124  12:09  Baneling x7  
  124  12:10  Baneling x2  
  124  12:12  Baneling  
  124  12:15  Hydralisk  
  126  12:16  Zergling x2  
  126  12:19  Baneling x2  
  126  12:20  Zergling x4  
  126  12:21  Zergling x2  
  130  12:27  Baneling x5  
  129  12:30  Zergling x4  
  129  12:31  Zergling x2  
  129  12:34  Baneling x3  
  131  12:37  Hydralisk x2  
  131  12:39  Hydralisk  
  131  12:41  Hydralisk  
  131  12:43  Baneling  
  139  12:45  Zergling x2  
  139  12:50  Zergling x6  
  140  12:54  Zergling x2  
  140  12:55  Zergling x2  
  140  12:56  Zergling x2  
  141  12:59  Zergling x2  
  141  13:01  Zergling x2  
  142  13:06  Hydralisk  
  142  13:11  Lurker Den  
  142  13:12  Hydralisk  
  145  13:14  Overseer  
  145  13:16  Hatchery  
  145  13:17  Zergling x2  
  145  13:23  Hydralisk  
  147  13:28  Baneling  
  147  13:29  Baneling x11  
  147  13:33  Hydralisk x2  
  147  13:36  Hydralisk  
  147  13:39  Hydralisk  
  149  13:49  Hydralisk x2  
  149  13:50  Hydralisk  
  149  13:53  Drone  
  156  13:56  Hydralisk  
  156  13:58  Hydralisk  
  159  14:06  Hydralisk, Drone  
  159  14:08  Zergling x2  
  159  14:09  Overlord  
  161  14:14  Overlord  
  161  14:28  Zergling x2  
  161  14:29  Zergling x4  
  164  14:32  Hydralisk x2, Drone x2  
  164  14:38  Lurker x3  
  171  14:40  Lurker  
  171  14:42  Lurker  
  175  14:49  Zergling x2  
  175  14:50  Zergling x2  
  175  14:51  Lurker x2  
  175  14:52  Lurker  
  179  14:56  Zergling x2  
  179  14:58  Zergling x4  
  182  15:01  Zergling x4  
  182  15:06  Overlord  
  184  15:11  Overlord  
  184  15:13  Baneling  
  184  15:14  Baneling x4  
  184  15:18  Overseer  
  184  15:19  Overseer  
  177  15:36  Infestation Pit  
Show
View Real Time Build Order
Export as new Build Order

SKillous Protoss - Winner!

Build Orders: 1 Gate Expand, Oracle Opening, Phoenix Opening, Zealot Archon, Archon Drop 

Get SALT Encoding   

  12  0:00  Probe  
  13  0:12  Probe  
  14  0:19  Pylon  
  14  0:24  Probe  
  15  0:33  Probe  
  15  0:42  Probe  
  16  0:44  Gateway  
  17  0:52  Probe  
  17  0:55  Assimilator  
  18  1:04  Probe  
  19  1:16  Probe  
  20  1:31  Cybernetics Core  
  20  1:39  Nexus  
  20  1:47  Pylon  
  20  1:50  Probe  
  21  1:57  Assimilator  
  21  1:58  Adept  
  21  2:02  Probe  
  24  2:14  Probe  
  25  2:19  Adept  
  25  2:26  Stargate, Probe  
  28  2:38  Probe  
  28  2:41  Warp Gate  
  29  2:48  Probe, Adept  
  32  2:51  Probe  
  32  2:57  Probe  
  33  3:03  Phoenix, Probe  
  33  3:08  Probe  
  36  3:15  Probe  
  37  3:20  Probe  
  37  3:26  Oracle  
  38  3:27  Probe  
  38  3:31  Gateway  
  38  3:34  Probe  
  43  3:39  Probe  
  44  3:42  Pylon  
  44  3:46  Probe  
  45  3:50  Shield Battery  
  45  3:52  Probe  
  44  3:58  Probe  
  44  4:01  Assimilator  
  45  4:04  Robotics Facility  
  45  4:05  Assimilator, Probe  
  45  4:10  Probe  
  44  4:21  Probe  
  44  4:22  Probe  
  44  4:24  Twilight Council  
  46  4:29  Probe  
  46  4:30  Adept x2  
  50  4:38  Probe  
  51  4:41  Pylon  
  51  4:42  Probe  
  53  4:46  Gateway x2  
  53  4:47  Charge  
  53  4:52  Warp Prism  
  53  4:57  Gateway  
  53  4:58  Gateway  
  56  5:14  Probe  
  56  5:15  Templar Archives  
  56  5:16  Probe  
  57  5:22  Pylon  
  57  5:31  Nexus  
  57  5:35  Pylon  
  57  5:44  Probe  
  58  5:50  Zealot x2  
  58  5:52  High Templar x2  
  58  5:54  High Templar x2  
  70  5:57  Archon  
  70  5:58  Archon  
  70  6:01  Pylon  
  70  6:05  Probe  
  70  6:08  Pylon  
  70  6:10  Pylon  
  70  6:11  Forge  
  69  6:19  Zealot x2  
  69  6:33  Probe  
  69  6:34  Zealot x3  
  69  6:35  Zealot x3  
  69  6:40  Immortal, Protoss Ground Weapons Level 1  
  69  6:49  Nexus  
  69  6:50  Pylon  
  69  6:53  Gateway  
  68  6:55  Zealot  
  68  6:56  Gateway  
  68  6:58  Sentry x2  
  74  7:02  High Templar x2  
  74  7:06  Archon  
  74  7:07  Zealot  
  80  7:15  Immortal  
  80  7:20  Pylon  
  84  7:24  Zealot  
  84  7:25  Pylon  
  76  7:47  Gateway x2  
  76  7:48  Warp Prism  
  76  7:50  High Templar x2  
  80  7:56  Archon  
  80  7:58  Zealot, High Templar x2  
  86  7:59  Zealot x3  
  86  8:01  Probe  
  86  8:03  Archon  
  95  8:09  Pylon  
  95  8:20  Zealot x4  
  95  8:25  High Templar x2  
  107  8:29  Archon  
  107  8:31  Zealot x2  
  111  8:34  Pylon  
  109  8:49  Zealot  
  109  8:50  Zealot x5  
  121  9:00  Probe x2  
  109  9:11  Zealot x7  
  109  9:16  Zealot x2  
  93  9:25  Zealot  
  77  9:36  Probe x2  
  77  9:37  Probe  
  66  9:38  Assimilator  
  66  9:42  High Templar x4  
  66  9:43  Assimilator  
  66  9:45  Zealot, Sentry  
  76  9:47  Immortal, Archon  
  76  9:48  Archon  
  78  9:53  Zealot x3  
  78  9:54  Zealot  
  90  10:02  Probe x2  
  92  10:12  High Templar x2  
  92  10:14  Zealot x4  
  102  10:15  Probe  
  102  10:19  Archon  
  105  10:25  Zealot x2, High Templar x2  
  113  10:30  Archon  
  113  10:34  Observer, Zealot x3  
  119  10:35  Zealot  
  120  11:04  Probe  
  109  11:11  High Templar x3  
  109  11:12  High Templar  
  109  11:18  Archon  
  103  11:21  Archon, Warp Prism  
  99  11:28  Protoss Ground Weapons Level 2  
  99  11:32  Sentry, High Templar x2  
  101  11:33  Zealot x3  
  101  11:38  Archon  
  109  11:46  Zealot x2  
  109  11:47  Zealot x3, Nexus  
  119  11:49  Pylon  
  119  11:50  Zealot  
  119  11:55  Zealot x2  
  119  12:05  High Templar x2  
  119  12:08  Zealot x5  
  133  12:10  Archon  
  133  12:21  Zealot, High Templar x2  
  139  12:24  Photon Cannon  
  139  12:26  Archon  
  139  12:36  Probe x3  
  142  12:41  Zealot  
  142  12:42  Zealot x4, Psionic Storm  
  152  12:48  Probe  
  153  12:56  Probe  
  150  13:00  Probe x2  
  150  13:02  Assimilator  
  148  13:06  Assimilator  
  148  13:08  High Templar x4, Pylon  
  148  13:09  Zealot x3  
  162  13:16  Photon Cannon  
  162  13:17  Photon Cannon  
  162  13:19  Photon Cannon  
  162  13:21  High Templar  
  162  13:23  Probe x2  
  166  13:37  High Templar x2  
  166  13:39  Pylon  
  166  13:41  Photon Cannon, Archon  
  162  13:59  Immortal, Probe  
  149  14:13  High Templar  
  149  14:14  High Templar x3  
  155  14:18  Probe x3  
  155  14:21  Photon Cannon  
  155  14:22  Archon x2  
  158  14:28  Immortal  
  158  14:32  High Templar x2  
  162  14:39  Nexus  
  162  14:40  Pylon  
  162  14:42  Zealot x4  
  162  14:45  Archon  
  174  14:49  Pylon  
  164  14:53  High Templar  
  164  14:54  Zealot x2, High Templar  
  164  14:58  Archon  
  172  15:08  Immortal  
  172  15:11  Zealot x6  
  188  15:16  Zealot x2  
  192  15:31  Zealot x5  
  180  15:55  Zealot x9  
  180  15:56  Zealot  
Tags
 
Add a new tag
Caveats
  • Supply blocks, unpowered buildings, or Contaminate may cause inaccurate times.
  • Supply counts are checked every 10 seconds.